Description

This Build is a bit easier than the herO style build (showed by harstem) but still gets the job done, to pressure your zerg opponents and transition into double Robo as most immo archon beats lurkers with ease

VOD

https://www.youtube.com/watch?v=jgqSXDmxtIg

Replay - ShoWTimE v Solar: Game 2 - [ESL] Tropical Sacrifice

Build Order

Get SALT Encoding   

  12  0:00  Probe  
  13  0:12  Probe  
  14  0:19  Pylon  
  14  0:24  Probe  
  15  0:37  Probe (Chrono Boost)  
  15  0:41  Gateway  
  16  0:47  Probe x2 (Chrono Boost), Assimilator  
  18  1:03  Probe  
  19  1:15  Probe  
  20  1:25  Nexus  
  20  1:28  Probe  
  21  1:39  Cybernetics Core  
  21  1:44  Assimilator  
  21  1:48  Probe  
  22  1:55  Pylon  
  24  2:16  Adept  
  24  2:18  Stargate  
  26  2:25  Warp Gate  
  30  2:46  Stalker  
  35  2:59  Oracle (Chrono Boost)  
  40  3:08  Pylon  
  42  3:21  Gateway  
  42  3:26  Oracle (Chrono Boost)  
  47  3:46  Nexus  
  47  3:48  Pylon  
  49  3:57  Assimilator, Oracle (Chrono Boost)  
  52  4:03  Assimilator  
  55  4:18  Twilight Council  
  56  4:25  Forge  
  58  4:37  Pylon, Adept x2  
  60  4:45  Blink  
  62  4:51  Gateway  
  62  4:54  Protoss Ground Weapons Level 1 (Chrono Boost)  
  65  5:05  Gateway  
  68  5:12  Sentry x2  
  80  5:38  Shield Battery  
  80  5:39  Oracle  
  83  5:46  Gateway x3  
  83  5:53  Stalker x2  
  86  6:17  Oracle (Chrono Boost)  
  86  6:18  Nexus  
  92  6:27  Gateway  
  92  6:30  Photon Cannon  
  94  6:43  Protoss Ground Weapons Level 2 (Chrono Boost), Shield Battery  
  94  6:46  Oracle (Chrono Boost)  
  94  6:47  Stalker x4  
  94  6:53  Stalker x2  
  109  7:00  Charge  
  109  7:13  Photon Cannon  
  112  7:21  Oracle (Chrono Boost)  
  112  7:25  Stalker  
  123  7:34  Gateway x2  
  135  7:52  Photon Cannon  
  131  8:23  Zealot x3  
  138  8:35  Zealot x7  
  138  8:37  Nexus  
  138  8:39  Templar Archives  
  141  8:58  Assimilator x2  
  141  9:00  Protoss Ground Weapons Level 3 (Chrono Boost)  
  162  9:03  Photon Cannon x2  
  162  9:07  Shield Battery  
  162  9:28  Photon Cannon  
  144  9:45  Forge, Photon Cannon  
  158  9:49  Robotics Facility x2  
Spawning Tool Build Advisor. Get it on Overwolf

Go to:

Details

  • Created by: Kenosua
  • Published on: Aug 26, 2022
  • Modified on: Aug 26, 2022
  • Patch: 4.11.0
  • Difficulty: Medium
Show
View Real Time Build Order
Export as new Build Order

Comments (0)

There are no comments. Be the first!

Create an account to comment!